 Dungeon Crawl Stone Soup version 0.29.1-2-gbd0b4ee654 (webtiles) character file.

Game seed: 12122851000435756815

44 DemonSlayer the Firebug (level 3, -1/24 HPs)
             Began as a Demonspawn Fire Elementalist on Nov 4, 2022.
             Shot with a sling bullet by a goblin (6 damage)
             ... on level 3 of the Dungeon.
             The game lasted 00:03:32 (2067 turns).

DemonSlayer the Firebug (DsFE)                      Turns: 2067, Time: 00:03:33

Health: -1/24      AC:  2    Str:  8    XL:     3   Next: 41%
Magic:  5/7        EV: 12    Int: 18    God:
Gold:   163        SH:  0    Dex: 13    Spells: 1/7 levels left

rFire   . . .      SeeInvis .   j - +0 dagger
rCold   . . .      Faith    .   (no shield)
rNeg    . . .      Spirit   .   a - +0 robe
rPois   .          Reflect  .   (no helmet)
rElec   .          Harm     .   (no cloak)
rCorr   .          Rampage  .   (no gloves)
Will    .....                   (no boots)
Stlth   +.........              (no amulet)
HPRegen 0.08/turn               (no ring)
MPRegen 0.20/turn               (no ring)

@: confused, very slightly contaminated
A: magic regeneration
a: no special abilities


You were on level 3 of the Dungeon.
You visited 1 branch of the dungeon, and saw 3 of its levels.

You collected 163 gold pieces.

Inventory:

Hand Weapons
 j - a +0 dagger (weapon)
Armour
 a - a +0 robe (worn)
Scrolls
 c - a scroll of enchant armour {unknown}
 d - 2 scrolls of teleportation {unknown}
 g - a scroll of immolation {unknown}
 h - a scroll of brand weapon {unknown}
 i - a scroll of summoning {unknown}
 k - 2 scrolls of identify {unknown}
 l - a scroll of poison {unknown}
 m - a scroll of blinking {unknown}
Potions
 b - a potion of magic
 e - a potion of might {unknown}
 f - 3 potions of curing {unknown}


   Skills:
 + Level 1.8 Dodging
 + Level 2.0 Stealth
 + Level 2.8 Spellcasting
 + Level 1.5 Conjurations
 + Level 3.2 Fire Magic


You had one spell level left.
You knew the following spells:

 Your Spells              Type           Power      Damage    Failure   Level
a - Foxfire               Conj/Fire      40%        2x1d6     6%          1
b - Scorch                Fire           28%        2d6       7%          2
c - Conjure Flame         Conj/Fire      10%        6-21      19%         3

Your spell library contained the following spells:

 Spells                   Type           Power      Damage    Failure   Level
 Sting                    Tmut/Pois      8%         1d3       17%         1
 Poisonous Vapours        Pois/Air       4%         N/A       26%         2
 Inner Flame              Hex/Fire       8%         N/A       26%         3
 Flame Wave               Conj/Fire      10%        2d6       54%         4
 Olgreb's Toxic Radiance  Pois           2%         N/A       86%         4


Dungeon Overview and Level Annotations

Branches:
Dungeon (3/15)

Altars:


Innate Abilities, Weirdness & Mutations

You regenerate magic rapidly.


Message History

You climb downwards.
Found 14 gold pieces, a falchion and a scroll labelled GAMMECRE XOAG.
There is a stone staircase leading up here.
There are monsters nearby!
You conjure some foxfire!
The orc shouts!
The goblin unwields a +0 club.
The goblin wields a +0 sling.
The goblin shoots a sling bullet.
The sling bullet closely misses you.
An orc wizard comes into view. It is wielding a +0 dagger.
The orc wizard mumbles some strange words.
The orc wizard flickers and vanishes!
Deactivating autopickup; reactivate with Ctrl-A.
An orc comes into view. It is wielding a +0 hand axe.
You conjure some foxfire!
The foxfire hits the orc.
The orc is lightly wounded.
The foxfire hits the orc.
The orc is moderately wounded.
The orc barely misses you.
Unknown command.
You miscast Foxfire.
You are very lightly contaminated with residual magic.
Nothing appears to happen.
The foxfire hits the orc.
You kill the orc!
The foxfire hits the orc.
The orc is heavily wounded.
The orc wizard gestures at you while chanting.
The puff of flame hits you!
You are confused.
You're too confused to cast spells.
The goblin shoots a sling bullet.
The sling bullet hits you.
A puff of flame appears from out of thin air!
The puff of flame hits you!
* * * LOW HITPOINT WARNING * * *
In your confused state, you trip and fall back down the stairs.
* * * LOW HITPOINT WARNING * * *
The goblin shoots a sling bullet.
The sling bullet completely misses you.
An ogre comes into view. It is wielding a +0 giant spiked club.
The orc barely misses you.
The goblin shoots a sling bullet.
The sling bullet hits you.
You die...

....O?.......
#...........
#).........####
...............
#...g..........
#.........o....
........)..o...
#..$.r@o.#
#.......##
#..##..### .
.... .....
###..# ##. ..


You could see an ogre, an orc wizard, 2 orcs, a goblin and a rat.

Vanquished Creatures
  An adder (D:2)
  A dart slug (D:2)
  An orc (D:3)
  A bat (D:1)
  3 endoplasms
  2 giant cockroaches (D:2)
  A goblin (D:2)
  2 hobgoblins
  6 jackals
  A quokka (D:2)
  2 ball pythons (D:2)
  5 frilled lizards
  2 kobolds
  2 rats
30 creatures vanquished.

Vanquished Creatures (others)
  195 foxfires
195 creatures vanquished.

Grand Total: 225 creatures vanquished

Notes
Turn   | Place    | Note
-------+----------+-------------------------------------------
     0 | D:1      | DemonSlayer the Demonspawn Fire Elementalist began the
                  | quest for the Orb.
     0 | D:1      | Reached XP level 1. HP: 13/13 MP: 3/3
   637 | D:1      | Gained mutation: You regenerate magic rapidly. [demonic
                  | ancestry]
   637 | D:1      | Reached XP level 2. HP: 15/19 MP: 0/5
   802 | D:1      | Learned a level 2 spell: Scorch
  1229 | D:2      | Reached skill level 3 in Fire Magic
  1480 | D:2      | Reached XP level 3. HP: 24/24 MP: 1/7
  2055 | D:2      | Learned a level 3 spell: Conjure Flame
  2066 | D:3      | Noticed an ogre
  2067 | D:3      | Shot with a sling bullet by a goblin

Illustrated notes

Levels and vault maps discovered:
D:1:      matt_arrival_los_fun, layout_basic, minivault_27
D:2:      layout_basic
D:3:      layout_rooms, uniq_ijyb, uniq_sigmund, uniq_robin

Skill      XL: |  1  2  3 |
---------------+----------+-----
Fire Magic     | 3 |  3.2
Stealth        | 2 |  2.0
Dodging        | |  1.8
Spellcasting   | |  2.8
Conjurations   | |  1.5

Action                   || total
-------------------------++-------
Melee: Unarmed           ||     2
 Cast: Foxfire           ||   105
Armor: Robe              ||     3
Dodge: Dodged            ||    12
